 Dungeon Sprint DCSS version 0.19-a0-1922-g1e9a4c1 (webtiles) character file.

0 LORDOFBUTT the Skirmisher (level 2, 0/29 HPs)
             Began as a Minotaur Fighter on Oct 24, 2016.
             Was an Initiate of Gozag.
             Slain by Sigmund
             ... wielding a +0 scythe of slicing
              (8 damage)
             ... in the Dungeon (Sprint VI: "Thunderdome").
             The game lasted 00:00:15 (45 turns).

LORDOFBUTT the Skirmisher (Minotaur Fighter)          Turns: 45, Time: 00:00:16

Health: 0/29       AC:  7    Str: 25    XL:     2   Next: 68%
Magic:  1/1        EV:  8    Int:  5    God:    Gozag
Gold:   200        SH: 10    Dex:  9    Spells: 0 memorised, 1 level left

rFire  . . .     SeeInvis .     a - +0 war axe
rCold  . . .     Gourm    .     b - +0 scale mail
rNeg   . . .     Faith    .     c - +0 shield
rPois  .         Spirit   .     (helmet restricted)
rElec  .         Reflect  .     (no cloak)
rCorr  .         Harm     .     (no gloves)
MR     .....     NoTele   +     (no boots)
Stlth  ..........               (no amulet)
                                (no ring)
                                (no ring)

@: mighty
A: retaliatory headbutt, horns 2
a: Potion Petition, Call Merchant, Bribe Branch, Renounce Religion


You were in the Dungeon.
You worshipped Gozag.
Gozag was aware of your devotion.
You were not hungry.

You visited 1 branch You collected 200 gold pieces.

Inventory:

Hand Weapons
 a - a +0 war axe (weapon)
Armour
 b - a +0 scale mail (worn)
 c - a +0 shield (worn)
Wands
 m - a wand of acid (5/15)
 n - a wand of iceblast (5/15)
Scrolls
 k - 4 scrolls of blinking
 o - 3 scrolls of fog
Potions
 e - a potion of curing
 g - 4 potions of heal wounds
 h - 4 potions of haste
 i - 2 potions of magic
 j - a potion of berserk rage
 l - a potion of resistance
Comestibles
 f - a bread ration


   Skills:
 + Level 5.2 Fighting
 + Level 3.0 Axes
 + Level 5.1 Armour
 + Level 5.0 Shields


You had one spell level left.
You didn't know any spells.

Dungeon Overview and Level Annotations

Branches:
Dungeon (1/1)

Altars:
Cheibriados
Dithmenos
Fedhas
Gozag
Kikubaaqudgha
Makhleb
Okawaru
Qazlal
Ru
Sif Muna
Vehumet
Xom
Yredelemnul
Zin
The Shining One
Beogh
Jiyva
Lugonu

Shops:
D *[%??*?*:[((

Annotations:
D Sigmund


Innate Abilities, Weirdness & Mutations

You reflexively headbutt those who attack you in melee.
You have a pair of horns on your head.


Message History

You barely miss something. Something hits you but does no damage.
You closely miss something. Your headbutt misses something. Something hits you.
You miss something. You headbutt something.
You hear some strange, mumbled words.
A magic dart appears from out of thin air!
The magic dart hits you!
You hear some strange, mumbled words.
You are confused.
You slash something! Something hits you but does no damage. Something hits you!
* * * LOW HITPOINT WARNING * * *
There is a shimmering altar of Xom here.
You feel very mighty all of a sudden.
You hear some strange, mumbled words.
A puff of flame appears from out of thin air!
The puff of flame misses you.
You feel less confused. Something hits you!
You die...
Your body crumbles into a pile of gold.

............###.........g.
.........###...###........
.........# #.<.# #........
.........###...# #........
............###.........
#∩........8.# .8.. ...
##∩_........###......
######.8.........8.#
#⌠.@.........⌠#
###.{.......###
#_......._# #_......._#
#_......._# #∩.......∩#
##∩.....∩## ##.....##
##⌠⌠⌠##


There were no monsters in sight!

Vanquished Creatures
  Terence (D)
1 creature vanquished.

Notes
Turn   | Place    | Note
-------+----------+-------------------------------------------
     0 | D        | LORDOFBUTT the Minotaur Fighter began the quest for the Orb.
     0 | D        | Reached XP level 1. HP: 19/19 MP: 0/0
     1 | D        | Found a snail-covered altar of Cheibriados.
     2 | D        | Found a viscous altar of Jiyva.
     2 | D        | Found a deep blue altar of Sif Muna.
     3 | D        | Found a burning altar of Makhleb.
     3 | D        | Found a glowing golden altar of the Shining One.
     4 | D        | Found a sacrificial altar of Ru.
     4 | D        | Found a radiant altar of Vehumet.
     4 | D        | Found Pasaofit's Staff Store.
     4 | D        | Found Giadiunoxt's Magic Scroll Shop.
     5 | D        | Found a roughly hewn altar of Beogh.
     5 | D        | Found Qurouleg's Must-Have Magic.
     5 | D        | Found Niloipp's Magic Scroll Shop.
     5 | D        | Round 1.
     6 | D        | Noticed Terence
     9 | D        | Killed Terence
     9 | D        | Reached skill level 5 in Fighting
     9 | D        | Reached skill level 5 in Armour
     9 | D        | Reached skill level 5 in Shields
     9 | D        | Reached XP level 2. HP: 29/29 MP: 1/1
    10 | D        | Noticed Sigmund
    15 | D        | Found a shadowy altar of Dithmenos.
    16 | D        | Found a basalt altar of Yredelemnul.
    17 | D        | Found a glowing silver altar of Zin.
    18 | D        | Found Jasoasulei's Bee Food.
    18 | D        | Found a stormy altar of Qazlal.
    18 | D        | Found Zuicane's Identification Station.
    19 | D        | Found Vosmoust's Jewellery.
    19 | D        | Found Solum's Advanced Armour.
    22 | D        | Found a shimmering altar of Xom.
    23 | D        | Found a corrupted altar of Lugonu.
    24 | D        | Found an opulent altar of Gozag.
    25 | D        | Found a blossoming altar of Fedhas.
    25 | D        | Found an ancient bone altar of Kikubaaqudgha.
    25 | D        | Found an iron altar of Okawaru.
    25 | D        | Found Seczuuc's Premium Goods.
    25 | D        | Found Kiabal's Weapon Rack.
    26 | D        | Found Axaiss's Miscellaneous Merchandise.
    26 | D        | Found Vyirysa's Basic Armour.
    33 | D        | Became a worshipper of Gozag Ym Sagoz the Greedy
    45 | D        | Slain by Sigmund

Vault maps used:
D:        arena_sprint

Skill      XL: |  1 |
---------------+----+-----
Fighting       | 5 |  5.2
Axes           | 3 |  3.0
Armour         | 5 |  5.1
Shields        | 5 |  5.0

Action                   || total
-------------------------++-------
Melee: War axe           ||     7
       Headbutt          ||     2
  Use: Potion            ||     1
Armor: Scale mail        ||     4
Dodge: Dodged            ||     2
Block: Shield            ||     2
